 Dungeon Crawl Stone Soup version 0.19-a0-1320-g0178847 (webtiles) character file.

141 mrath the Magician (level 5, 0/38 HPs)
             Began as a Draconian Wizard on Aug 31, 2016.
             Killed from afar by an orc wizard (5 damage)
             ... with a puff of flame
             ... on level 2 of the Dungeon.
             The game lasted 00:21:15 (3783 turns).

mrath the Magician (Draconian Wizard)               Turns: 3783, Time: 00:21:16

Health: 0/38       AC:  5    Str:  9    XL:     5   Next: 3%
Magic:  11/11      EV: 12    Int: 19    God:
Gold:   169        SH:  0    Dex: 10    Spells: 2 memorised, 9 levels left

rFire  . . .     SeeInvis .     t - +0 short sword
rCold  . . .     Gourm    .     (armour unavailable)
rNeg   . . .     Faith    .     (no shield)
rPois  .         Spirit   .     a - +0 hat
rElec  .         Dismiss  .     (no cloak)
rCorr  .         Reflect  .     (no gloves)
MR     +....     Harm     .     (no boots)
Stlth  ++........               (no amulet)
                                (no ring)
                                z - ring of protection from magic

@: no status effects
A: unfitting armour, cold-blooded, AC +5
a: no special abilities


You were on level 2 of the Dungeon.
You were not hungry.

You visited 1 branch of the dungeon, and saw 3 of its levels.

You collected 169 gold pieces.

Inventory:

Hand Weapons
 l - a +0 mace
 t - a +0 short sword (weapon)
 y - a +0 falchion
 D - a +0 blowgun
 F - a +0 flail
Missiles
 e - 97 stones
 m - 10 poisoned needles
 n - 6 needles of confusion
 p - 3 tomahawks (quivered)
 s - 35 sling bullets
 E - 7 curare-tipped needles
Armour
 a - a +0 hat (worn)
Jewellery
 z - a ring of protection from magic (left hand)
Scrolls
 i - 2 scrolls of enchant armour {unknown}
 k - 2 scrolls of noise {unknown}
 q - a scroll of random uselessness {unknown}
 u - a scroll of fear {unknown}
 w - a scroll of amnesia {unknown}
 x - a scroll of blinking {unknown}
 A - a scroll of magic mapping {unknown}
 C - a scroll of identify {unknown}
Potions
 g - a potion of resistance {unknown}
 j - a potion of ambrosia {unknown}
 o - 2 potions of cure mutation {unknown}
 v - 3 potions of agility {unknown}
 B - a potion of brilliance {unknown}
Books
 b - a book of Minor Magic

   Spells                             Type                      Level
   a - Magic Dart                     Conjuration                  1
   b - Blink                          Translocation                2
   c - Call Imp                       Summoning                    2
   d - Repel Missiles                 Charms/Air                   2
   e - Slow                           Hexes                        2
   f - Conjure Flame                  Conjuration/Fire             3
   g - Mephitic Cloud                 Conjuration/Poison/Air       3
Comestibles
 c - 3 bread rations
 d - 2 royal jellies
 f - 4 chunks of flesh
 h - 2 fruits
 r - 6 meat rations


   Skills:
 - Level 1.7 Dodging
 - Level 1.7 Stealth
 + Level 4.3 Spellcasting
 + Level 3.4 Conjurations
 - Level 1.0 Summonings
   Level 1.0 Translocations


You had 9 spell levels left.
You knew the following spells:

 Your Spells              Type           Power        Failure   Level  Hunger
a - Magic Dart            Conj           ###.         3%          1    None
b - Call Imp              Summ           #.......     14%         2    #......


Dungeon Overview and Level Annotations

Branches:
Dungeon (3/15)

Altars:


Innate Abilities, Weirdness & Mutations

Your plain brown scales are hard. (AC +5)
Your body does not fit into most forms of armour.
You are cold-blooded and may be slowed by cold attacks.


Message History

Something hits you.
You climb upwards.
There is a stone staircase leading down here.
You see here a hand axe.
Something hits you.
You see here a hand axe.
You closely miss something. Something hits you but does no damage.
Something hits you.
* * * LOW HITPOINT WARNING * * *
You miss something. You tail-slap something. Something barely misses you.
You miss something.
You hear some strange, mumbled words.
A magic dart appears from out of thin air!
The magic dart hits you!
* * * LOW HITPOINT WARNING * * *
You hear some strange, mumbled words.
Something tries to affect you, but you resist.
A puff of flame appears from out of thin air!
The puff of flame hits you!
You die...

#.#.##.....<..#
###################.#.##..###.###
.......)...........>..##..# #.#
###.##.####.##..########..# #.#
###.##.####.##.........#..# #.#
...%##....#.##..######.#..# #.#
#.##>.##..#.##..#<#..#.#..# #.#
#.##.)##..#.##..#)#..#.#..# #.#
#...##....#.##..@.#..#.#### #.#
###.##.#........).#..#.# #.# #
####............#..#.# #.# #
##..........)...#.# #.# #
#..............#.######.## #
##.....##................# #
#.....##.#.####.#########
#........#......#
#..#.############


There were no monsters in sight!

Vanquished Creatures
  An orc priest (D:2)
  2 adders (D:3)
  2 oozes
  A worm (D:2)
  4 dart slugs
  2 giant geckos (D:2)
  2 orcs
  2 ball pythons
  A giant cockroach (D:2)
  4 goblins
  5 hobgoblins
  3 jackals
  10 bats
  2 giant newts (D:2)
  10 kobolds
  10 rats
  A fungus (D:2)
62 creatures vanquished.

Vanquished Creatures (collateral kills)
  2 adders (D:2)
2 creatures vanquished.

Grand Total: 64 creatures vanquished

Notes
Turn   | Place    | Note
-------+----------+-------------------------------------------
     0 | D:1      | mrath the Draconian Wizard began the quest for the Orb.
     0 | D:1      | Reached XP level 1. HP: 14/14 MP: 4/4
   706 | D:1      | Reached XP level 2. HP: 18/20 MP: 6/6
  1164 | D:1      | Learned a level 2 spell: Call Imp
  1400 | D:1      | Reached XP level 3. HP: 13/26 MP: 8/8
  2621 | D:2      | Reached XP level 4. HP: 26/33 MP: 4/9
  2998 | D:2      | Reached skill level 4 in Spellcasting
  3590 | D:2      | Reached XP level 5. HP: 31/38 MP: 6/11
  3783 | D:2      | Killed from afar by an orc wizard

Vault maps used:
D:1:      onia_arrival_mini_spirals
D:2:      st_stairs_7, minmay_gold_behind_fungi, kennysheep_generic_room_2
D:3:      okawaru_trees_2, nicolae_overflow_hidden_temple,
          gammafunk_temple_overflow_statue, first_bread, tgw_fedhas,
          uniq_natasha

Skill      XL: |  1  2  3  4 |
---------------+-------------+-----
Conjurations   | 2 3 |  3.4
Spellcasting   | 4 |  4.3
Dodging        | |  1.7
Stealth        | |  1.7
Summonings     | |  1.0
Translocations | |  1.0

Action                   |  1- 3 |  4- 6 || total
-------------------------+-------+-------++-------
Melee: Dagger            |    94 |       ||    94
       Tailslap          |     9 |     5 ||    14
       Short sword       |     8 |    79 ||    87
 Fire: Blowgun           |       |    10 ||    10
 Cast: Magic Dart        |    64 |    44 ||   108
       Call Imp          |     2 |       ||     2
  Eat: Chunk             |     5 |     4 ||     9
Armor: Skin              |    52 |    24 ||    76
Dodge: Dodged            |   103 |    58 ||   161
